MLB
SAN FRANCISCO GIANTS @ COLORADO ROCKIES
05/28/2018
 
TOP OF THE 1ST
San Francisco Giants batting - Pitching for Colorado Rockies : RHP Carlos Carrasco
Pitching: RHP Carlos Carrasco
Batting: LHB Jon Jay 0-0: Ball
1-0: Called Strike
1-1: SINGLE (Groundball, 13) (infield hit)
Batting: RHB Dustin Pedroia 0-0: Fielders Choice at 2nd, 2-4 (Groundball, 15S)
Batting: LHB Anthony Rizzo 0-0: Ball
Dustin Pedroia steals 2nd base
1-0: Called Strike
1-1: Called Strike
1-2: Foul Ball, location: 2F
1-2: Strikes out swinging
Batting: LHB Kyle Seager 0-0: Ball
1-0: Called Strike
1-1: Called Strike
1-2: Ball
2-2: Ball
3-2: Foul Ball, location: 2F
3-2: Fly out, F8 (Line Drive, 8RM)
Top of the 1st over - 0 runs, 1 hit, 0 errors, 1 left on base; San Francisco 0 - Colorado 0
BOTTOM OF THE 1ST
Colorado Rockies batting - Pitching for San Francisco Giants : RHP Jake Odorizzi
Pitching: RHP Jake Odorizzi
Batting: LHB Jake Bauers 0-0: Called Strike
0-1: Foul Ball, location: 2F
0-2: Strikes out swinging
Batting: RHB Anthony Alford 0-0: Ball
1-0: Ball
2-0: Called Strike
2-1: Ball
3-1: Base on Balls
Batting: RHB Mike Trout 0-0: Foul Ball, location: 2F
0-1: Ball
1-1: Ball
2-1: SINGLE (Line Drive, 89S)
Anthony Alford to second
Batting: RHB Brett Lawrie 0-0: Called Strike
0-1: Fly out, F9 (Flyball, 9LSF)
Batting: RHB Jordy Mercer 0-0: Called Strike
0-1: Called Strike
0-2: Strikes out looking
Bottom of the 1st over - 0 runs, 1 hit, 0 errors, 2 left on base; San Francisco 0 - Colorado 0
TOP OF THE 2ND
San Francisco Giants batting - Pitching for Colorado Rockies : RHP Carlos Carrasco
Batting: RHB Nelson Cruz 0-0: Ball
1-0: Called Strike
1-1: Ball
2-1: Fly out, F7 (Flyball, 7LMF)
Batting: LHB Kyle Schwarber 0-0: Swinging Strike
0-1: Foul Ball, location: 2F
0-2: Foul Ball, location: 2F
0-2: SOLO HOME RUN (Flyball, 7LD), Distance : 371 ft
Batting: LHB Corey Dickerson 0-0: Ball
1-0: Swinging Strike
1-1: Foul Ball, location: 2F
1-2: Strikes out looking
Batting: RHB Tim Anderson 0-0: Swinging Strike
0-1: Ball
1-1: Foul Ball, location: 2F
1-2: Strikes out swinging
Top of the 2nd over - 1 run, 1 hit, 0 errors, 0 left on base; San Francisco 1 - Colorado 0
BOTTOM OF THE 2ND
Colorado Rockies batting - Pitching for San Francisco Giants : RHP Jake Odorizzi
Batting: LHB Tommy La Stella 0-0: Called Strike
0-1: Ball
1-1: Ground out 4-3 (Groundball, 34D)
Batting: RHB Brandon Guyer 0-0: Ball
1-0: Foul Ball, location: 2F
1-1: Called Strike
1-2: Ball
2-2: Foul Ball, location: 2F
2-2: SINGLE (Groundball, 4D)
Batting: RHB Jacob Stallings 0-0: Ball
1-0: Called Strike
1-1: Ball
2-1: Called Strike
2-2: Strikes out swinging
Batting: RHB Carlos Carrasco 0-0: Ground out 2-3 (Groundball, 2L)
Bottom of the 2nd over - 0 runs, 1 hit, 0 errors, 1 left on base; San Francisco 1 - Colorado 0
TOP OF THE 3RD
San Francisco Giants batting - Pitching for Colorado Rockies : RHP Carlos Carrasco
Batting: RHB Jake Odorizzi 0-0: Swinging Strike
0-1: Ball
1-1: Ball
2-1: Foul Ball, location: 2F
2-2: Ground out U3 (Groundball, 34)
Batting: LHB Jon Jay 0-0: Ball
1-0: Swinging Strike
1-1: Foul Ball, location: 2F
1-2: Strikes out swinging passed ball, reaches first!
Batting: RHB Dustin Pedroia 0-0: Fly out, F7 (Flyball, 7S)
Batting: LHB Anthony Rizzo 0-0: Swinging Strike
0-1: Called Strike
0-2: Strikes out looking
Top of the 3rd over - 0 runs, 0 hits, 0 errors, 1 left on base; San Francisco 1 - Colorado 0
BOTTOM OF THE 3RD
Colorado Rockies batting - Pitching for San Francisco Giants : RHP Jake Odorizzi
Batting: LHB Jake Bauers 0-0: Ball
1-0: Called Strike
1-1: Ball
2-1: Fly out, F9 (Flyball, 9)
Batting: RHB Anthony Alford 0-0: Ball
1-0: Fly out, F7 (Flyball, 78XD)
Batting: RHB Mike Trout 0-0: Ball
1-0: Called Strike
1-1: Ball
2-1: Foul Ball, location: 2F
2-2: SINGLE (Groundball, 56D)
Batting: RHB Brett Lawrie 0-0: Foul Ball, location: 2F
0-1: Ball
1-1: Called Strike
1-2: Ball
2-2: Strikes out swinging
Bottom of the 3rd over - 0 runs, 1 hit, 0 errors, 1 left on base; San Francisco 1 - Colorado 0
TOP OF THE 4TH
San Francisco Giants batting - Pitching for Colorado Rockies : RHP Carlos Carrasco
Batting: LHB Kyle Seager 0-0: Called Strike
0-1: Ball
1-1: Fly out, F9 (Flyball, 9S)
Batting: RHB Nelson Cruz 0-0: Ground out 5-3 (Groundball, 56S)
Batting: LHB Kyle Schwarber 0-0: Ball
1-0: Ball
2-0: Called Strike
2-1: Swinging Strike
2-2: Ball
3-2: Base on Balls
Batting: LHB Corey Dickerson 0-0: Ball
1-0: Called Strike
1-1: Fly out, F8 (Flyball, 8LS)
Top of the 4th over - 0 runs, 0 hits, 0 errors, 1 left on base; San Francisco 1 - Colorado 0
BOTTOM OF THE 4TH
Colorado Rockies batting - Pitching for San Francisco Giants : RHP Jake Odorizzi
Batting: RHB Jordy Mercer 0-0: SINGLE (Line Drive, 89S)
Batting: LHB Tommy La Stella 0-0: Ball
1-0: Ball
2-0: Fly out, F9 (Flyball, 89M)
Batting: RHB Brandon Guyer 0-0: Swinging Strike
0-1: Foul Ball, location: 2F
0-2: Ball
1-2: Ball
2-2: Foul Ball, location: 2F
2-2: SINGLE (Flyball, 7S)
Jordy Mercer to second
Batting: RHB Jacob Stallings 0-0: Foul Ball, location: 2F
0-1: Ball
1-1: Foul Ball, location: 2F
1-2: Ball
2-2: Strikes out swinging
Batting: RHB Carlos Carrasco 0-0: Foul Ball, location: 2F
0-1: Called Strike
0-2: Foul Ball, location: 2F
0-2: Foul Ball, location: 2F
0-2: Foul Ball, location: 2F
0-2: Ball
1-2: Fly out, F9 (Flyball, 9LMF)
Bottom of the 4th over - 0 runs, 2 hits, 0 errors, 2 left on base; San Francisco 1 - Colorado 0
TOP OF THE 5TH
San Francisco Giants batting - Pitching for Colorado Rockies : RHP Carlos Carrasco
Batting: RHB Tim Anderson 0-0: Called Strike
0-1: Foul Ball, location: 2F
0-2: Ball
1-2: Foul Ball, location: 2F
1-2: Foul Ball, location: 2F
1-2: SINGLE (Line Drive, 7S)
Batting: RHB Jake Odorizzi 0-0: Sac Bunt to 2R - play at first, batter OUT! 2-4
Tim Anderson to second
Batting: LHB Jon Jay 0-0: Foul Ball, location: 2F
0-1: Ball
1-1: Ball
2-1: Ball
3-1: DOUBLE (Line Drive, 7LD)
Tim Anderson scores
Batting: RHB Dustin Pedroia 0-0: Ball
1-0: Called Strike
1-1: SINGLE (Line Drive, 78S)
Jon Jay to third
Runner from 3rd tries for Home, SAFE, no throw by LF
Batting: LHB Anthony Rizzo 0-0: Called Strike
0-1: Foul Ball, location: 2F
0-2: Ball
1-2: Ball
2-2: Ball
3-2: Fly out, F4 (Flyball, 4D)
Batting: LHB Kyle Seager 0-0: Called Strike
0-1: Swinging Strike
0-2: Ball
1-2: Ball
2-2: Strikes out swinging
Top of the 5th over - 2 runs, 3 hits, 0 errors, 1 left on base; San Francisco 3 - Colorado 0
BOTTOM OF THE 5TH
Colorado Rockies batting - Pitching for San Francisco Giants : RHP Jake Odorizzi
Batting: LHB Jake Bauers 0-0: Swinging Strike
0-1: Swinging Strike
0-2: Strikes out looking
Batting: RHB Anthony Alford 0-0: Foul Ball, location: 2F
0-1: SINGLE (Groundball, 56D)
Batting: RHB Mike Trout 0-0: Ball
1-0: Called Strike
1-1: Ball
2-1: Fly out, F8 (Line Drive, 8LM)
Batting: RHB Brett Lawrie 0-0: Called Strike
0-1: Ball
1-1: Foul Ball, location: 2F
1-2: Strikes out swinging
Bottom of the 5th over - 0 runs, 1 hit, 0 errors, 1 left on base; San Francisco 3 - Colorado 0
TOP OF THE 6TH
San Francisco Giants batting - Pitching for Colorado Rockies : RHP Carlos Carrasco
Batting: RHB Nelson Cruz 0-0: Fly out, F9 (Flyball, 9LSF)
Batting: LHB Kyle Schwarber 0-0: Ball
1-0: Foul Ball, location: 2F
1-1: Swinging Strike
1-2: Foul Ball, location: 2F
1-2: Foul Ball, location: 2F
1-2: Foul Ball, location: 2F
1-2: Ball
2-2: Strikes out swinging
Batting: LHB Corey Dickerson 0-0: Ball
1-0: Ball
2-0: Ball
3-0: Called Strike
3-1: Called Strike
3-2: Ground out 1-3 (Groundball, 34S)
Top of the 6th over - 0 runs, 0 hits, 0 errors, 0 left on base; San Francisco 3 - Colorado 0
BOTTOM OF THE 6TH
Colorado Rockies batting - Pitching for San Francisco Giants : RHP Jake Odorizzi
Batting: RHB Jordy Mercer 0-0: Called Strike
0-1: Ball
1-1: Called Strike
1-2: Ball
2-2: Ball
3-2: Foul Ball, location: 2F
3-2: Foul Ball, location: 2F
3-2: Fly out, F5 (Popup, 25)
Batting: LHB Tommy La Stella 0-0: Ball
1-0: Ball
2-0: Foul Ball, location: 2F
2-1: Fly out, F7 (Flyball, 7D)
Batting: RHB Brandon Guyer 0-0: Called Strike
0-1: Ground out 5-3 (Groundball, 56)
Bottom of the 6th over - 0 runs, 0 hits, 0 errors, 0 left on base; San Francisco 3 - Colorado 0
TOP OF THE 7TH
San Francisco Giants batting - Pitching for Colorado Rockies : RHP Carlos Carrasco
Pitching: RHP Mauricio Cabrera
Batting: RHB Tim Anderson 0-0: Ball
1-0: Called Strike
1-1: Ground out U3 (Groundball, 34)
Batting: RHB Jake Odorizzi 0-0: Called Strike
0-1: Foul Ball, location: 2F
0-2: Ball
1-2: Ball
2-2: Strikes out looking
Batting: LHB Jon Jay 0-0: Called Strike
0-1: Ball
1-1: Ball
2-1: Ball
3-1: Fly out, F4 (Popup, 4D)
Top of the 7th over - 0 runs, 0 hits, 0 errors, 0 left on base; San Francisco 3 - Colorado 0
BOTTOM OF THE 7TH
Colorado Rockies batting - Pitching for San Francisco Giants : RHP Jake Odorizzi
Pitching: RHP Luke Gregerson
Batting: RHB Jacob Stallings 0-0: Ground out 6-3 (Groundball, 56)
Pitching: RHP Chris Hatcher
Pinch Hitting: RHB Martin Prado 0-0: Ball
1-0: Ball
2-0: Called Strike
2-1: Ground out 5-3 (Groundball, 56S)
Batting: LHB Jake Bauers 0-0: Called Strike
0-1: Foul Ball, location: 2F
0-2: Ball
1-2: Ball
2-2: Foul Ball, location: 2F
2-2: Strikes out looking
Bottom of the 7th over - 0 runs, 0 hits, 0 errors, 0 left on base; San Francisco 3 - Colorado 0
TOP OF THE 8TH
San Francisco Giants batting - Pitching for Colorado Rockies : RHP Mauricio Cabrera
Pitching: RHP Mike Fiers
Batting: RHB Dustin Pedroia 0-0: Called Strike
0-1: SINGLE (Line Drive, 89M)
Batting: LHB Anthony Rizzo 0-0: Called Strike
0-1: Ball
1-1: 2-RUN HOME RUN (Flyball, 9D), Distance : 364 ft
Pitching: RHP Anibal Sanchez
Batting: LHB Kyle Seager 0-0: Fly out, F8 (Flyball, 8RM)
Batting: RHB Nelson Cruz 0-0: Ball
1-0: Called Strike
1-1: SOLO HOME RUN (Flyball, 7LD), Distance : 358 ft
Batting: LHB Kyle Schwarber 0-0: Foul Ball, location: 2F
0-1: Called Strike
0-2: Ball
1-2: Strikes out swinging
Batting: LHB Corey Dickerson 0-0: Called Strike
0-1: Swinging Strike
0-2: Strikes out swinging
Top of the 8th over - 3 runs, 3 hits, 0 errors, 0 left on base; San Francisco 6 - Colorado 0
BOTTOM OF THE 8TH
Colorado Rockies batting - Pitching for San Francisco Giants : RHP Chris Hatcher
Batting: RHB Anthony Alford 0-0: Ball
1-0: Ball
2-0: Swinging Strike
2-1: Foul Ball, location: 2F
2-2: SOLO HOME RUN (Flyball, 9D), Distance : 382 ft
Batting: RHB Mike Trout 0-0: Ball
1-0: Called Strike
1-1: Ball
2-1: Ball
3-1: Foul Ball, location: 2F
3-2: Fly out, F7 (Flyball, 7LD)
Batting: RHB Brett Lawrie 0-0: Called Strike
0-1: Called Strike
0-2: Ball
1-2: Strikes out swinging
Batting: RHB Jordy Mercer 0-0: Ball
1-0: Swinging Strike
1-1: Ball
2-1: Swinging Strike
2-2: Foul Ball, location: 2F
2-2: Foul Ball, location: 2F
2-2: Ball
3-2: Foul Ball, location: 2F
3-2: Base on Balls
Pitching: RHP Chris Devenski
Batting: LHB Tommy La Stella 0-0: Swinging Strike
0-1: Ball
1-1: Ground out 4-3 (Groundball, 4)
Bottom of the 8th over - 1 run, 1 hit, 0 errors, 1 left on base; San Francisco 6 - Colorado 1
TOP OF THE 9TH
San Francisco Giants batting - Pitching for Colorado Rockies : RHP Anibal Sanchez
Pitching: RHP Tommy Hunter
Batting: RHB Tim Anderson 0-0: Called Strike
0-1: Foul Ball, location: 2F
0-2: Ball
1-2: Ball
2-2: Strikes out swinging
Pinch Hitting: LHB Tyler Naquin 0-0: Called Strike
0-1: Ball
1-1: Ball
2-1: Called Strike
2-2: Foul Ball, location: 2F
2-2: Ground out 5-3 (Groundball, 56S)
Batting: LHB Jon Jay 0-0: Called Strike
0-1: Fly out, F6 (Popup, 15)
Top of the 9th over - 0 runs, 0 hits, 0 errors, 0 left on base; San Francisco 6 - Colorado 1
BOTTOM OF THE 9TH
Colorado Rockies batting - Pitching for San Francisco Giants : RHP Chris Devenski
Pitching: RHP Ryan Tepera
Batting: RHB Brandon Guyer 0-0: Hit by Pitch
Batting: RHB Jacob Stallings 0-0: Called Strike
0-1: Ball
1-1: Called Strike
1-2: Ball
2-2: Ball
3-2: Foul Ball, location: 2F
3-2: Fielders Choice at 2nd, 6-4 (Groundball, 6D)
Pinch Hitting: RHB Bryce Brentz 0-0: Ball
1-0: Ball
2-0: Swinging Strike
2-1: Fly out, F7 (Flyball, 7D)
Batting: LHB Jake Bauers 0-0: SINGLE (Flyball, 7LM)
Jacob Stallings to second
Batting: RHB Anthony Alford 0-0: SINGLE (Groundball, 4MD)
Jacob Stallings to third
Jake Bauers to second
Pitching: RHP Brad Boxberger
Batting: RHB Mike Trout 0-0: Called Strike
0-1: Ball
1-1: Foul Ball, location: 2F
1-2: Foul Ball, location: 2F
1-2: Fly out, F8 (Flyball, 8RD)
Bottom of the 9th over - 0 runs, 2 hits, 0 errors, 3 left on base; San Francisco 6 - Colorado 1
Tuesday, July 24th, 2018 - OOTP Baseball 19.7 Build 59